 Dungeon Crawl Stone Soup version 0.21-a0-19-g210df22 (webtiles) character file.

124 tof the Sneak (level 5, -3/26 HPs)
             Began as a Vine Stalker Assassin on May 24, 2017.
             Killed by divine providence
             ... invoked by an orc priest
              (9 damage)
             ... on level 3 of the Dungeon.
             The game lasted 00:05:55 (2291 turns).

tof the Sneak (Vine Stalker Assassin)               Turns: 2291, Time: 00:05:56

Health: -3/26      AC:  3    Str: 14    XL:     5   Next: 8%
Magic:  0/6        EV: 12    Int: 11    God:
Gold:   157        SH:  0    Dex: 16    Spells: 4/4 levels left

rFire    . . .     SeeInvis .   a - +2 dagger
rCold    . . .     Gourm    .   (no shield)
rNeg     . . .     Faith    .   c - +0 robe
rPois    .         Spirit   +   (no helmet)
rElec    .         Reflect  .   d - +0 cloak
rCorr    .         Harm     .   (no gloves)
MR       .....                  (no boots)
Stlth    +++.......             (no amulet)
Regen    0.5/turn               (no ring)
MPRegen  0.1/turn               (no ring)

@: no status effects
A: fangs 2, regeneration 1, magic shield, antimagic bite, no potion heal 3, rot
immunity
a: no special abilities


You were on level 3 of the Dungeon.
You were not hungry.

You visited 1 branch of the dungeon, and saw 3 of its levels.

You collected 157 gold pieces.

Inventory:

Hand Weapons
 a - a +2 dagger (weapon)
 b - a +0 blowgun
Missiles
 e - 8 poisoned needles
 f - 2 curare-tipped needles
Armour
 c - a +0 robe (worn)
 d - a +0 cloak (worn)
Jewellery
 y - a cursed ring of loudness {unknown}
Wands
 u - a wand of digging (17/24)
Scrolls
 h - 2 scrolls of identify
 j - a scroll of noise {unknown}
 l - a scroll of immolation {unknown}
 p - 2 scrolls of enchant armour {unknown}
 w - 2 scrolls of remove curse {unknown}
 x - 2 scrolls of recharging {unknown}
 B - a scroll of magic mapping {unknown}
Potions
 i - a potion of flight {unknown}
 k - 3 potions of heal wounds {unknown}
 m - a potion of magic {unknown}
 o - 2 potions of mutation {unknown}
 r - a potion of ambrosia {unknown}
 s - 2 potions of resistance {unknown}
 t - a potion of curing {unknown}
 v - a potion of invisibility {unknown}
 z - a potion of agility {unknown}
 A - a potion of cancellation {unknown}
Comestibles
 g - 2 bread rations
 n - a meat ration


   Skills:
 + Level 2.2 Fighting
 * Level 2.9 Short Blades
 * Level 2.6 Throwing
 + Level 1.1 Dodging
 * Level 5.8 Stealth


You had 4 spell levels left.
You didn't know any spells.

Dungeon Overview and Level Annotations

Branches:
Dungeon (3/15)

Altars:
Xom
Zin


Innate Abilities, Weirdness & Mutations

You have extremely sharp teeth.
Your natural rate of healing is unusually fast.
When hurt, damage is shared between your health and your magic reserves.
Your bite disrupts and absorbs the magic of your enemies.
Potions cannot restore your health.
You are immune to rotting.


Message History

The orc priest hits you but does no damage.
You hit the orc priest but do no damage.
Your bite misses the orc priest.
The orc priest is heavily wounded.
The orc priest casts a cantrip, but nothing happens.
You hit the orc priest.
You bite the orc priest, but do no damage.
The orc priest is heavily wounded.
The orc priest closely misses you.
You hit the orc priest.
The orc priest is severely wounded.
The orc priest barely misses you.
You hit the orc priest but do no damage.
You bite the orc priest, but do no damage.
The orc priest is severely wounded.
Sorry, you're not good enough to have a special ability.
Okay, then.
The orc priest invokes the aid of Beogh against you.
Beogh smites you!
You die...

.#
#........#
#( .#
######.#.#
#. .#
#.#.# #.
.# #.#.#
#. .#
#.#.# #.
.# #.#.#
#. .# #.#
## #.# #@#
#.# #o#
#)# #.# #
#o#
###.###.#
........#
###.##..#


You could see an orc priest and an orc.

Vanquished Creatures
  Jessica (D:2)
  4 adders
  3 worms
  4 leopard geckos
  2 orcs (D:3)
  3 bats
  A giant cockroach (D:1)
  9 hobgoblins
  2 jackals (D:3)
  4 kobolds
  5 frilled lizards
  7 goblins
  3 rats
48 creatures vanquished.

Notes
Turn   | Place    | Note
-------+----------+-------------------------------------------
     0 | D:1      | tof the Vine Stalker Assassin began the quest for the Orb.
     0 | D:1      | Reached XP level 1. HP: 11/11 MP: 2/2
   269 | D:1      | Reached XP level 2. HP: 12/15 MP: 3/3
   514 | D:1      | Reached skill level 5 in Stealth
  1092 | D:1      | Reached XP level 3. HP: 18/18 MP: 4/4
  1420 | D:2      | Found a glowing silver altar of Zin.
  1438 | D:2      | Found a shimmering altar of Xom.
  1511 | D:2      | Found a shimmering altar of Xom.
  1511 | D:2      | Found a shimmering altar of Xom.
  1511 | D:2      | Noticed Jessica
  1513 | D:2      | Found a shimmering altar of Xom.
  1518 | D:2      | Killed Jessica
  1518 | D:2      | Reached skill level 1 in Dodging
  1518 | D:2      | Gained mutation: Your natural rate of healing is unusually fast. [Vine Stalker growth]
  1518 | D:2      | Reached XP level 4. HP: 18/23 MP: 5/5
  1523 | D:2      | Found a shimmering altar of Xom.
  1524 | D:2      | Found a shimmering altar of Xom.
  2227 | D:3      | Reached XP level 5. HP: 19/26 MP: 6/6
  2291 | D:3      | Killed from afar by an orc priest

Vault maps used:
D:1:      shiori_arrival_elements
D:2:      zin_treasury, xom_redecorated, uniq_jessica
D:3:      minmay_statues_item, uniq_natasha

Skill      XL: |  1  2  3 |
---------------+----------+-----
Throwing       | 2 |  2.6
Short Blades   | 2 |  2.9
Stealth        | 5 |  5.8
Fighting       | 2 |  2.2
Dodging        | 1 |  1.1

Action                   |  1- 3 |  4- 6 || total
-------------------------+-------+-------++-------
Melee: Dagger            |    63 |    92 ||   155
       Bite              |    19 |    30 ||    49
Evoke: Wand              |     1 |       ||     1
  Use: Scroll            |     1 |       ||     1
 Stab: Sleeping          |     7 |     4 ||    11
       Distracted        |       |     1 ||     1
  Eat: Chunk             |     2 |     2 ||     4
Armor: Robe              |    15 |     9 ||    24
Dodge: Dodged            |    24 |    36 ||    60
